 Dungeon Crawl Stone Soup version 0.30-a0-613-gdd512c7efb (webtiles) character file.

Game seed: 362667902761055713

167 acebull12 the Trooper (level 5, -2/48 HPs)
             Began as a Minotaur Monk on Jan 9, 2023.
             Slain by a gnoll
             ... wielding a +0 halberd
              (12 damage)
             ... on level 4 of the Dungeon.
             The game lasted 00:05:38 (2279 turns).

acebull12 the Trooper (Minotaur Monk)               Turns: 2279, Time: 00:05:39

Health: -2/48      AC:  3    Str: 17    XL:     5   Next: 23%
Magic:  4/4        EV: 13    Int:  7    God:
Gold:   176        SH:  0    Dex: 16    Spells: 4/4 levels left

rFire   . . .      SeeInvis .    o - +1 trident of Okawaru {heavy, rPois rN+ Dex+3}
rCold   . . .      Faith    .    (no shield)
rNeg    + . .      Spirit   .    b - +1 robe
rPois   +          Reflect  .    (helmet restricted)
rElec   .          Harm     .    (no cloak)
rCorr   .          Rampage  .    (no gloves)
Will    .....                    (no boots)
Stlth   ++                       (no amulet)
HPRegen 0.28/turn                (no ring)
MPRegen 0.09/turn                (no ring)

@: weak-willed
A: horns 2, retaliatory headbutt
a: no special abilities


You were on level 4 of the Dungeon.
You visited 1 branch of the dungeon, and saw 4 of its levels.

You collected 176 gold pieces.

Inventory:

Hand Weapons
 a - a +0 falchion
 o - the +1 trident of Okawaru (weapon) {heavy, rPois rN+ Dex+3}
   (You found it on level 2 of the Dungeon)

   Dex:       It affects your dexterity (+3).
   rPois:     It protects you from poison.
   rN:        It protects you from negative energy.
Missiles
 f - 52 stones (quivered)
Armour
 b - a +1 robe (worn)
Jewellery
 r - a ring of poison resistance
Wands
 q - a wand of digging (2)
 t - a wand of flame (30)
Scrolls
 d - a scroll of enchant armour
 e - a scroll of noise {unknown}
 g - a scroll of teleportation
 i - a scroll of blinking
 k - 3 scrolls of identify
 p - a scroll of vulnerability
Potions
 c - a potion of ambrosia
 h - 4 potions of curing
 j - a potion of might {unknown}
 l - 2 potions of lignification {unknown}
 n - a potion of invisibility {unknown}
 s - a potion of heal wounds {unknown}


   Skills:
 * Level 5.2 Fighting
 - Level 4.5 Long Blades
 * Level 2.4 Polearms
 + Level 0.1 Throwing
 + Level 3.9 Dodging
 + Level 2.0 Stealth


You had 4 spell levels left.
You didn't know any spells.
Your spell library contained the following spells:

 Spells                   Type           Power      Damage    Failure   Level
 Freeze                   Ice            0%         1d3       43%         1
 Frozen Ramparts          Ice            0%         1d1       80%         3
 Hailstorm                Conj/Ice       0%         3d3       80%         3
 Inner Flame              Hex/Fire       0%         N/A       80%         3
 Portal Projectile        Hex/Tloc       0%         N/A       80%         3
 Tukima's Dance           Hex            0%         N/A       80%         3
 Animate Dead             Necr           0%         N/A       99%         4
 Cause Fear               Hex            0%         N/A       99%         4
 Blade Hands              Tmut           0%         N/A       100%        5
 Borgnjor's Vile Clutch   Necr/Erth      0%         N/A       100%        5
 Death Channel            Necr           0%         N/A       100%        6
 Haunt                    Necr/Summ      0%         N/A       100%        7
 Discord                  Hex            0%         N/A       100%        8
 Infestation              Necr           0%         N/A       100%        8


Dungeon Overview and Level Annotations

Branches:
Dungeon (4/15)
 Temple: D:4-7

Altars:
Xom

Shops:
D:2 (


Innate Abilities, Weirdness & Mutations

You have a pair of horns on your head.
You reflexively headbutt those who attack you in melee.


Message History

The adder appears confused.
You completely miss the adder. The adder closely misses you.
You furiously retaliate!
You headbutt the adder. The giant cockroach barely misses you.
The orc wizard is engulfed in noxious fumes.
The orc wizard appears confused.
The gnoll hits you from afar with a +0 halberd!
The adder bites you but does no damage. The giant cockroach bites you.
The gnoll barely misses you. The adder misses you.
You are too injured to fight recklessly!
The adder attacks as you move away! The adder bites you.
The giant cockroach closely misses you. You furiously retaliate!
You headbutt the giant cockroach.
You kill the giant cockroach!
The gnoll barely misses you. The adder attacks as you move away!
The adder closely misses you.
The kobold throws a stone.
The stone hits you but does no damage.
You hear a splash. x2
You impale the adder!!
You kill the adder!
The kobold hits you but does no damage.
The gnoll hits you from afar with a +0 halberd.
The kobold throws a stone.
The stone closely misses you.
A gnoll comes into view. It is wielding a +0 spear.
The gnoll hits you with a +0 spear.
* * * LOW HITPOINT WARNING * * *
You hit the gnoll but do no damage.
You headbutt the gnoll, but do no damage.
The gnoll barely misses you. You furiously retaliate!
You headbutt the gnoll. The adder bites you.
* * * LOW HITPOINT WARNING * * *
The gnoll hits you with a +0 spear.
* * * LOW HITPOINT WARNING * * *
The gnoll closely misses you.
You impale the gnoll!!
You kill the gnoll!
The adder barely misses you. x2; You furiously retaliate!
You headbutt the adder.
The gnoll hits you from afar with a +0 halberd!
You die...

**~,.○.o~#.#...........#
,,~,._○.~..)..>........#
**~,....~###...........#
*~~...~~**#...........#
**,~S~~~*,,+...........#
,+,,,,***,*#...........#
**,,,,* *,*#...gK......#
,+,,,,* #.####+#S###+###
+*,,,,* *,.....#@# *,*
,,,,,,******#..#)###,*
,,,,,,+,,,**#...<..#,*
,,,,,,***,*,+....###,*
,,,,,,,,*,*,#...##**,*
,,,****,*,*......,,,,******
,,,* *,*,#....g.,,,,,,,,,*
,,,* *,*........g,,,,,,,,*
*******+####.g....,,,,,,,,*


You could see 2 gnolls, an adder and a kobold.

Vanquished Creatures
  Natasha (thrice) (D:2)
  An adder (D:4)
  A gnoll (D:4)
  A worm (D:2)
  2 dart slugs (D:1)
  An orc (D:3)
  5 bats
  7 endoplasms
  7 giant cockroaches
  11 goblins
  3 hobgoblins
  2 jackals (D:1)
  3 quokkas
  6 ball pythons
  4 frilled lizards
  9 kobolds
  6 rats
72 creatures vanquished.

Vanquished Creatures (others)
  An orc wizard (D:4)
  A kobold (D:4)
2 creatures vanquished.

Grand Total: 74 creatures vanquished

Notes
Turn   | Place    | Note
-------+----------+-------------------------------------------
     0 | D:1      | acebull12 the Minotaur Monk began the quest for the Orb.
     0 | D:1      | Reached XP level 1. HP: 19/19 MP: 0/0
   308 | D:1      | Reached skill level 4 in Fighting
   308 | D:1      | Reached XP level 2. HP: 21/27 MP: 1/1
   917 | D:2      | Reached XP level 3. HP: 31/33 MP: 2/2
  1280 | D:2      | Identified the +1 trident of Okawaru {heavy, rPois rN+
                  | Dex+3}
  1331 | D:2      | Found Utilaud's Weapon Shop.
  1331 | D:2      | Noticed Natasha
  1346 | D:2      | Killed Natasha
  1347 | D:2      | Reached XP level 4. HP: 41/41 MP: 3/3
  1424 | D:2      | Reached skill level 1 in Polearms
  2183 | D:2      | Noticed Natasha
  2189 | D:2      | Killed Natasha
  2190 | D:2      | Reached skill level 5 in Fighting
  2207 | D:2      | Noticed Natasha
  2211 | D:2      | Killed Natasha
  2212 | D:2      | Reached XP level 5. HP: 42/48 MP: 4/4
  2259 | D:4      | Found a shimmering altar of Xom.
  2279 | D:4      | Slain by a gnoll

Illustrated notes

Levels and vault maps discovered:
D:1:      lordsloth_arrival_two_stooges, layout_basic
D:2:      layout_basic, serial_shops, nicolae_shop_advertising_works
          [nicolae_subvault_shop_adworks], minmay_misc_feat_rows,
          minmay_hexomino_c4, uniq_natasha
D:3:      layout_rooms
D:4:      layout_basic, xom_confusion_cloud, nicolae_yredelemnul_corpse_copse,
          portal_sewer_entry_a, uniq_pikel, uniq_edmund, uniq_blork_the_orc

Skill      XL: |  1  2  3  4 |
---------------+-------------+-----
Fighting       | 4 5 |  5.2
Long Blades    | 4 |  4.5
Polearms       | 2 |  2.4
Stealth        | 2 |  2.0
Throwing       | |  0.1
Dodging        | |  3.9

Action                   |  1- 3 |  4- 6 || total
-------------------------+-------+-------++-------
Melee: Falchion          |    87 |       ||    87
       Headbutt          |    13 |     4 ||    17
       Trident           |     2 |    43 ||    45
Throw: Stone             |     2 |       ||     2
  Use: Scroll            |       |     6 ||     6
 Stab: Sleeping          |     3 |     1 ||     4
Armor: Robe              |    22 |     9 ||    31
Dodge: Dodged            |    63 |    33 ||    96

Table legend: (Time is in decaauts)
 A = Elapsed time spent in this place.
 B = Non-inter-level travel time spent in this place.
 C = Inter-level travel time spent in this place.
 D = Time resting spent in this place.
 E = Time spent auto-exploring this place.
 F = Levels seen in this place.
 G = Mean time per level.
                   A        B        C        D        E       F      G
               +--------+--------+--------+--------+--------+-----+--------+
         Total |   2324 |   2039 |    285 |     72 |   1466 |   4 |  581.0 |
       Dungeon |   2324 |   2039 |    285 |     72 |   1466 |   4 |  581.0 |
               +--------+--------+--------+--------+--------+-----+--------+

Top non-repeatable levels by time:
     D:2: 1018 daAuts
     D:1: 835 daAuts
     D:3: 425 daAuts
     D:4: 45 daAuts
